 Dungeon Crawl Stone Soup version 0.29-a0-270-g1586fc07ea (webtiles) character file.

Game seed: 12710082503464989395

254 Crownlay the Chopper (level 6, -1/51 HPs)
             Began as a Hill Orc Fighter on Mar 7, 2022.
             Killed from afar by an orc wizard (5 damage)
             ... with a puff of flame
             ... on level 3 of the Dungeon.
             The game lasted 00:02:30 (2059 turns).

Crownlay the Chopper (Hill Orc Fighter)             Turns: 2059, Time: 00:02:31

Health: -1/51      AC: 11    Str: 21    XL:     6   Next: 14%
Magic:  6/6        EV:  9    Int:  8    God:
Gold:   144        SH:  5    Dex: 10    Spells: 5/5 levels left

rFire   . . .      SeeInvis .   a - +0 war axe
rCold   . . .      Faith    .   c - +0 buckler
rNeg    . . .      Spirit   .   b - +0 scale mail
rPois   .          Reflect  .   m - +2 helmet
rElec   .          Harm     .   (no cloak)
rCorr   .          Rampage  .   (no gloves)
Will    .....                   l - +0 pair of boots
Stlth   ..........              (no amulet)
HPRegen 0.17/turn               (no ring)
MPRegen 0.10/turn               (no ring)

@: mighty, lethally poisoned (-1 -> -3)
A: no striking features
a: Convert to Beogh


You were on level 3 of the Dungeon.
You visited 1 branch of the dungeon, and saw 3 of its levels.

You collected 144 gold pieces.

Inventory:

Hand Weapons
 a - a +0 war axe (weapon)
Armour
 b - a +0 scale mail (worn)
 c - a +0 buckler (worn)
 l - a +0 pair of boots (worn)
 m - a +2 helmet (worn)
Jewellery
 j - a ring of ice
Wands
 o - a wand of mindburst (5)
Scrolls
 e - 2 scrolls of identify {unknown}
 f - a scroll of blinking {unknown}
 h - a scroll of amnesia {unknown}
Potions
 g - 4 potions of heal wounds {unknown}
 i - 2 potions of flight {unknown}
 k - 2 potions of mutation {unknown}
 n - 2 potions of degeneration {unknown}


   Skills:
 - Level 3.6 Fighting
 * Level 6.9 Axes
 - Level 3.2 Armour
 - Level 5.0 Shields


You had 5 spell levels left.
You didn't know any spells.
Your spell library contained the following spells:

 Spells                   Type           Power      Damage    Failure   Level
 Beastly Appendage        Tmut           0%         N/A       83%         1
 Corpse Rot               Necr/Air       0%         N/A       92%         2
 Wereblood                Tmut           0%         N/A       92%         2
 Spider Form              Tmut/Pois      0%         N/A       99%         3
 Dispel Undead            Necr           0%         3d6       100%        4
 Death Channel            Necr           0%         N/A       100%        6


Dungeon Overview and Level Annotations

Branches:
Dungeon (3/15)

Altars:

Shops:
D:2 =[


Message History

Sigmund is moderately wounded.
Sigmund closely misses you.
You slash Sigmund!
Sigmund is heavily wounded.
The orc wizard casts a spell.
The orc wizard flickers and vanishes!
Deactivating autopickup; reactivate with Ctrl-A.
You closely miss Sigmund.
Sigmund is heavily wounded.
You block Sigmund's attack.
You closely miss Sigmund.
Sigmund is heavily wounded.
Sigmund hits you with a +0 scythe!
* * * LOW HITPOINT WARNING * * *
You slash Sigmund!
You kill Sigmund!
You block the orc's attack.
Your Axes skill gained 2 levels and is now at level 6!
You have reached level 5!
You feel stronger.
You have reached level 6!
You slash the orc!
You kill the orc!
You barely miss something. Something hits you.
* * * LOW HITPOINT WARNING * * *
You are poisoned.
You miss something.
You feel very sick. Something completely misses you.
You barely miss something.
You feel sick. Something hits you but does no damage.
Something completely misses you.
You slash something!
You feel sick.
The orc priest threatens, "By the altar or by the axe, you will meet Beogh!"
Something hits you.
* * * LOW HITPOINT WARNING * * *
You closely miss something.
You feel sick.
You hear some strange, mumbled words.
A puff of flame appears from out of thin air!
The puff of flame hits you.
You die...

##..#..........>.##.# #..#
###.!.#....###....###.#######..#
...........................##..#
........# ####....########.##..#
........# #....# #.##..#
.......# #############..#..#
o.....####### #...........#
{##..†......########.######.#..#
#..........oo{@....# #.#..#
#..........##############.##.#
#................†...........#
#..........................†.#
#)......†....................#
#............................#
#........<...................#
#######......................#
#......................#


You could see an orc priest and an orc.

Vanquished Creatures
  Sigmund (D:3)
  3 adders (D:2)
  2 worms (D:2)
  A dart slug (D:1)
  2 orcs (D:3)
  3 ball pythons
  6 endoplasms
  4 giant cockroaches
  4 goblins
  2 hobgoblins
  7 jackals
  A quokka (D:2)
  11 bats
  3 frilled lizards
  3 kobolds (D:2)
  3 rats (D:1)
56 creatures vanquished.

Vanquished Creatures (others)
  2 fungi (D:3)
2 creatures vanquished.

Grand Total: 58 creatures vanquished

Notes
Turn   | Place    | Note
-------+----------+-------------------------------------------
     0 | D:1      | Crownlay the Hill Orc Fighter began the quest for the Orb.
     0 | D:1      | Reached XP level 1. HP: 19/19 MP: 1/1
   318 | D:1      | Reached XP level 2. HP: 26/26 MP: 2/2
   656 | D:2      | Reached XP level 3. HP: 31/31 MP: 3/3
   662 | D:2      | Found Pysoki's Armour Shoppe.
   775 | D:2      | Found a faded altar of an unknown god.
   912 | D:2      | Found Userece's Jewellery Shop.
  1032 | D:2      | Reached skill level 5 in Shields
  1232 | D:2      | Reached skill level 3 in Axes
  1232 | D:2      | Reached XP level 4. HP: 39/39 MP: 4/4
  1641 | D:2      | Reached skill level 4 in Axes
  2014 | D:3      | Noticed Sigmund
  2053 | D:3      | Killed Sigmund
  2054 | D:3      | Reached skill level 6 in Axes
  2054 | D:3      | Reached XP level 5. HP: 13/45 MP: 5/5
  2054 | D:3      | Reached XP level 6. HP: 14/51 MP: 6/6
  2059 | D:3      | Killed from afar by an orc wizard

Illustrated notes

Levels and vault maps discovered:
D:1:      lemuel_arrival_hallway, layout_basic, minmay_misc_feat_pillars,
          serial_bayou_pond_d, chequers_mini_garden
D:2:      layout_rooms, hellmonk_ecumenical_altar_dog_temple, serial_shops,
          nicolae_square_shop, nicolae_shop_trees, minmay_statues_item
D:3:      layout_basic, dreamdust_mushroom_princess, minmay_crystal_water,
          uniq_robin, uniq_sigmund

Skill      XL: |  1  2  3  4 |
---------------+-------------+-----
Shields        | 4 5 |  5.0
Axes           | 3 6 |  6.9
Fighting       | |  3.6
Armour         | |  3.2

Action                   |  1- 3 |  4- 6 || total
-------------------------+-------+-------++-------
Melee: War axe           |    98 |    86 ||   184
  Use: Potion            |       |     1 ||     1
Armor: Scale mail        |    58 |    40 ||    98
Dodge: Dodged            |    64 |    44 ||   108
Block: Buckler           |    40 |    26 ||    66

Table legend: (Time is in decaauts)
 A = Elapsed time spent in this place.
 B = Non-inter-level travel time spent in this place.
 C = Inter-level travel time spent in this place.
 D = Time resting spent in this place.
 E = Time spent auto-exploring this place.
 F = Levels seen in this place.
 G = Mean time per level.
                   A        B        C        D        E       F      G
               +--------+--------+--------+--------+--------+-----+--------+
         Total |   2129 |   2073 |     56 |      0 |   1617 |   3 |  709.7 |
       Dungeon |   2129 |   2073 |     56 |      0 |   1617 |   3 |  709.7 |
               +--------+--------+--------+--------+--------+-----+--------+

Top non-repeatable levels by time:
     D:2: 1223 daAuts
     D:1: 667 daAuts
     D:3: 238 daAuts
